 Dungeon Crawl Stone Soup version 0.26.1-11-gd32895ea62 (webtiles) character file.

Game seed: 314898996562318620

308 Almogavar the Fighter (level 6, 0/91 HPs)
             Began as a Gnoll Wanderer on Apr 16, 2021.
             Slain by a river rat (2 damage)
             ... in a sewer.
             The game lasted 00:10:40 (2666 turns).

Almogavar the Fighter (Gnoll Wanderer)              Turns: 2666, Time: 00:10:40

Health: 0/91       AC: 23    Str: 17    XL:     6   Next: 40%
Magic:  8/9        EV:  2    Int: 15    God:
Gold:   104        SH:  0    Dex: 13    Spells: 9/9 levels left

rFire    . . .     SeeInvis .   a - +0 hand axe
rCold    . . .     Faith    .   (no shield)
rNeg     + + +     Spirit   .   (armour currently unavailable)
rPois    +         Reflect  .   (helmet currently unavailable)
rElec    .         Harm     .   (cloak currently unavailable)
rCorr    .         Rampage  .   (gloves currently unavailable)
Will     .....     NoTele   +   (boots currently unavailable)
Stlth    ++........             (no amulet)
HPRegen  0.25/turn              (no ring)
MPRegen  0.11/turn              (no ring)

@: tree-form
A: distributed training, strong nose
a: no special abilities


You were in a sewer.
You were a tree.
You visited 1 branch of the dungeon, and saw 3 of its levels.
You also visited: Sewer.

You collected 104 gold pieces.

Inventory:

Hand Weapons
 a - a +0 hand axe (weapon)
Missiles
 h - 26 poisoned darts
Armour
 b - a +0 ring mail (melded)
 s - a +0 helmet
 t - a +0 pair of boots
Jewellery
 k - an uncursed ring of wizardry {unknown}
Wands
 c - a wand of paralysis (10) (quivered)
 e - a wand of iceblast (10)
Scrolls
 d - 2 scrolls of remove curse
 i - a scroll of enchant weapon
 r - a scroll of blinking {unknown}
Potions
 f - 2 potions of brilliance {unknown}
 j - a potion of magic {unknown}
 l - a potion of curing {unknown}
 m - 2 potions of attraction {unknown}
 n - 4 potions of cancellation {unknown}
 o - a potion of flight {unknown}
 p - a potion of haste {unknown}
 q - a potion of mutation {unknown}


   Skills:
 + Level 10.5 Fighting
 + Level 2.0 Short Blades
 + Level 2.0 Long Blades
 + Level 3.2 Axes
 + Level 2.0 Maces & Flails
 + Level 2.0 Polearms
 + Level 2.0 Staves
 + Level 2.0 Slings
 + Level 2.0 Bows
 + Level 5.0 Crossbows
 + Level 2.0 Throwing
 + Level 2.0 Armour
 + Level 2.0 Dodging
 + Level 2.0 Stealth
 + Level 3.2 Shields
 + Level 2.0 Unarmed Combat
 + Level 2.0 Spellcasting
 + Level 1.5 Conjurations
 + Level 1.5 Hexes
 + Level 1.5 Summonings
 + Level 1.5 Necromancy
 + Level 1.5 Translocations
 + Level 1.5 Transmutations
 + Level 1.5 Fire Magic
 + Level 1.5 Ice Magic
 + Level 1.5 Air Magic
 + Level 1.5 Earth Magic
 + Level 1.5 Poison Magic
 + Level 2.1 Invocations
 + Level 3.2 Evocations


You had 9 spell levels left.
You didn't know any spells.
Your spell library was empty.

Dungeon Overview and Level Annotations

Branches:
Dungeon (3/15)              Sewer (1/1)

Altars:
Dithmenos
Elyvilon
Xom


Innate Abilities, Weirdness & Mutations

Your experience applies equally to all skills.
((You have very sharp teeth.))
Your uncanny sense of smell can sniff out nearby items.


Message History

Really quaff the potion of lignification?
You turn into a tree.
Your +0 ring mail melds into your body.
Your roots penetrate the ground.
The river rat bites you.
* * * LOW HITPOINT WARNING * * *
You closely miss the river rat.
The river rat is moderately wounded.
The river rat bites you but does no damage.
You hit the river rat but do no damage.
The river rat is moderately wounded.
The river rat barely misses you.
You closely miss the river rat.
The river rat is moderately wounded.
The river rat bites you but does no damage.
You hit the river rat but do no damage.
The river rat is moderately wounded.
The river rat bites you but does no damage.
You barely miss the river rat.
The river rat is moderately wounded.
The river rat bites you.
You die... ################ #....∩rr♣.....≈≈ ################

You could see a river rat and a rat.

Vanquished Creatures
  Sigmund (D:2)
  Robin (D:3)
  3 adders
  A gnoll (D:1)
  A river rat (Sewer)
  2 worms
  4 dart slugs
  4 leopard geckos
  A ball python (D:2)
  3 bats
  4 giant cockroaches
  12 goblins
  9 hobgoblins
  A jackal (D:2)
  A quokka (D:2)
  4 frilled lizards
  5 kobolds
  12 rats
69 creatures vanquished.

Notes
Turn   | Place    | Note
-------+----------+-------------------------------------------
     0 | D:1      | Reached skill level 10 in Fighting
     0 | D:1      | Almogavar the Gnoll Wanderer began the quest for the Orb.
     0 | D:1      | Almogavar set off with the following items: a +0 hand axe,
                  | a +0 ring mail, a wand of paralysis (15)
     0 | D:1      | Reached XP level 1. HP: 28/28 MP: 1/1
   215 | D:1      | Reached XP level 2. HP: 31/36 MP: 2/2
   577 | D:1      | Reached XP level 3. HP: 42/42 MP: 3/3
   867 | D:2      | Found a faded altar of an unknown god.
   867 | D:2      | Found a white marble altar of Elyvilon.
   879 | D:2      | Found a shimmering altar of Xom.
   883 | D:2      | Found a faded altar of an unknown god.
   884 | D:2      | Found a shadowy altar of Dithmenos.
   889 | D:2      | Reached skill level 1 in Invocations
  1183 | D:2      | Reached skill level 1 in Short Blades
  1183 | D:2      | Reached skill level 1 in Long Blades
  1183 | D:2      | Reached skill level 1 in Maces & Flails
  1183 | D:2      | Reached skill level 1 in Polearms
  1183 | D:2      | Reached skill level 1 in Staves
  1183 | D:2      | Reached skill level 1 in Slings
  1183 | D:2      | Reached skill level 1 in Bows
  1183 | D:2      | Reached skill level 1 in Throwing
  1183 | D:2      | Reached skill level 1 in Armour
  1183 | D:2      | Reached skill level 1 in Dodging
  1183 | D:2      | Reached skill level 1 in Stealth
  1183 | D:2      | Reached skill level 1 in Unarmed Combat
  1183 | D:2      | Reached skill level 1 in Spellcasting
  1240 | D:2      | Found a white marble altar of Elyvilon.
  1247 | D:2      | Noticed Sigmund
  1270 | D:2      | Reached XP level 4. HP: 23/48 MP: 5/5
  1834 | D:2      | Killed Sigmund
  1835 | D:2      | Reached skill level 1 in Conjurations
  1835 | D:2      | Reached skill level 1 in Hexes
  1835 | D:2      | Reached skill level 1 in Summonings
  1835 | D:2      | Reached skill level 1 in Necromancy
  1835 | D:2      | Reached skill level 1 in Translocations
  1835 | D:2      | Reached skill level 1 in Transmutations
  1835 | D:2      | Reached skill level 1 in Fire Magic
  1835 | D:2      | Reached skill level 1 in Ice Magic
  1835 | D:2      | Reached skill level 1 in Air Magic
  1835 | D:2      | Reached skill level 1 in Earth Magic
  1835 | D:2      | Reached skill level 1 in Poison Magic
  1835 | D:2      | Reached XP level 5. HP: 54/54 MP: 5/7
  1835 | D:2      | Reached XP level 6. HP: 61/61 MP: 5/8
  2501 | D:3      | Noticed Robin
  2517 | D:3      | Killed Robin
  2617 | D:3      | Reached skill level 5 in Crossbows
  2622 | D:3      | Found a glowing drain.
  2648 | Sewer    | Entered a sewer
  2661 | Sewer    | HP: 1/91 [river rat (5)]
  2666 | Sewer    | Slain by a river rat

Illustrated notes

Levels and vault maps discovered:
D:1:      scummos_arrival_simple_fountains, layout_basic
D:2:      minmay_chambers_of_ones, layout_rooms,
          chequers_temple_overflow_minitemple, serial_rivers,
          chequers_serial_rivers_micro_a, chequers_serial_rivers_small_b,
          chequers_serial_rivers_room_b, chequers_serial_rivers_small_b,
          elyvilon_altar_3, uniq_sigmund
D:3:      layout_loops_corners, bloody_trog, gup_sewer_entry_bubbles,
          minmay_close_crescents, uniq_robin
Sewer:    sewer_kobolds

Skill      XL: |  1  2  3  4  5  6 |
---------------+-------------------+-----
Fighting       | | 10.5
Invocations    | 1 2 |  2.1
Short Blades   | 1 2 |  2.0
Long Blades    | 1 2 |  2.0
Maces & Flails | 1 2 |  2.0
Polearms       | 1 2 |  2.0
Staves         | 1 2 |  2.0
Slings         | 1 2 |  2.0
Bows           | 1 2 |  2.0
Throwing       | 1 2 |  2.0
Armour         | 1 2 |  2.0
Dodging        | 1 2 |  2.0
Stealth        | 1 2 |  2.0
Unarmed Combat | 1 2 |  2.0
Spellcasting   | 1 2 |  2.0
Axes           | 3 |  3.2
Shields        | 3 |  3.2
Conjurations   | 1 |  1.5
Hexes          | 1 |  1.5
Summonings     | 1 |  1.5
Necromancy     | 1 |  1.5
Translocations | 1 |  1.5
Transmutations | 1 |  1.5
Fire Magic     | 1 |  1.5
Ice Magic      | 1 |  1.5
Air Magic      | 1 |  1.5
Earth Magic    | 1 |  1.5
Poison Magic   | 1 |  1.5
Evocations     | 3 |  3.2
Crossbows      | 5 |  5.0

Action                   |  1- 3 |  4- 6 || total
-------------------------+-------+-------++-------
Melee: Hand axe          |   123 |   135 ||   258
       Bite              |    13 |    16 ||    29
Evoke: Wand              |     4 |     1 ||     5
  Use: Scroll            |       |     5 ||     5
       Potion            |       |     1 ||     1
 Stab: Paralysed         |     8 |     8 ||    16
       Sleeping          |       |     1 ||     1
Armor: Ring mail         |    50 |    33 ||    83
       Skin              |       |     3 ||     3
Dodge: Dodged            |    67 |    74 ||   141
